AoeStats
← Sanpie

MegaRandom

509357637Analyzed
3v3 RM · 6d ago on Sep 26, 2026· 56m 2s· 6 players
Game mode
Random Map
Map size
Normal (6 player)
Population
200
Speed
Normal
Resources
Standard
Victory
Conquest
Starting age
Dark Age
Ending age
Imperial Age
RankedLock teamsTeams togetherTeam positionsShared explorationLock speedFull tech treeHidden civsTurbo modeCheats
Victory
Defeat
985
+17
🇨🇳 Spanish · China
977
+17
🇨🇳 Gurjaras · China
976
+17
🇨🇦 Mongols · Canada
1024
-18
🇯🇪 Romans · Jersey
996
-17
🇦🇷 Mongols · Argentina
986
-16
Sanpie
9:57 Feudal Age
10:08 Loom
14:27 Double-Bit Axe
16:57 Castle Age
16:54 Horse Collar
19:00 Heavy Plow
19:14 Bow Saw
30:01 Scale Barding Armor
32:22 Bloodlines
32:55 Gold Mining
35:32 Kshatriyas
36:36 Masonry
40:24 Imperial Age
38:44 Ballistics
39:29 Chain Barding Armor
39:20 Forging
39:57 Gold Shaft Mining
39:13 Stone Mining
39:18 Treadmill Crane
40:15 Husbandry
40:46 Elite Shrivamsha Rider
41:14 Light Cavalry
42:38 Wheelbarrow
41:49 Town Watch
44:01 Plate Barding Armor
44:02 Iron Casting
44:49 Hand Cart
44:14 Hussar
这我不是乱杀
11:39 Feudal Age
12:17 Loom
16:33 Castle Age
15:18 Double-Bit Axe
16:48 Bloodlines
17:27 Husbandry
18:32 Horse Collar
23:17 Wheelbarrow
25:56 Bow Saw
26:35 Heavy Plow
29:12 Gold Mining
29:58 Hand Cart
34:37 Imperial Age
34:01 Caravan
33:52 Stone Mining
35:25 Ballistics
36:36 Chemistry
35:58 Cavalier
38:16 Forging
39:01 Scale Barding Armor
39:44 Iron Casting
38:50 Elite Cannon Galleon
43:54 Paladin
45:40 Blast Furnace
45:00 Chain Barding Armor
压根不让我睡觉
12:12 Feudal Age
10:36 Horse Collar
10:57 Double-Bit Axe
13:10 Loom
16:52 Castle Age
15:16 Gold Mining
15:47 Stone Mining
16:38 Gold Shaft Mining
16:55 Wheelbarrow
16:53 Bow Saw
19:32 Heavy Plow
22:33 Crop Rotation
25:20 Two-Man Saw
26:55 Imperial Age
28:52 Chemistry
30:00 Padded Archer Armor
31:37 Conscription
33:27 Two-Man Saw
33:18 Burgundian Vineyards
34:15 Leather Archer Armor
39:30 Hand Cart
AB14
11:02 Feudal Age
13:14 Horse Collar
15:44 Castle Age
14:42 Double-Bit Axe
16:30 Heavy Plow
16:56 Bow Saw
17:41 Fletching
28:29 Gold Mining
28:29 Stone Mining
29:04 Bloodlines
28:54 Husbandry
33:28 Imperial Age
31:19 Forging
31:17 Scale Barding Armor
31:09 Bodkin Arrow
32:41 Gold Shaft Mining
32:41 Stone Shaft Mining
33:04 Padded Archer Armor
33:25 Chain Barding Armor
34:30 Bracer
34:57 Conscription
35:58 Wheelbarrow
35:09 Loom
35:09 Town Watch
35:06 Elite Mangudai
36:37 Leather Archer Armor
37:07 Hand Cart
37:29 Caravan
38:46 Forging
39:01 Drill
39:02 Elite Skirmisher
40:09 Parthian Tactics
39:50 Thumb Ring
40:30 Ballistics
41:11 Chemistry
40:53 Capped Ram
47:43 Heavy Camel Rider
47:45 Elite Steppe Lancer
hilsonyip
6:16 Loom
11:00 Feudal Age
15:58 Castle Age
18:49 Wheelbarrow
20:36 Town Watch
23:40 Bloodlines
24:26 Husbandry
26:25 Horse Collar
30:18 Double-Bit Axe
33:50 Imperial Age
35:04 Conscription
34:22 Elite Skirmisher
35:28 Padded Archer Armor
35:18 Fletching
36:36 Leather Archer Armor
39:30 Bodkin Arrow
39:46 Forging
39:42 Scale Barding Armor
41:01 Light Cavalry
41:36 Hussar
42:39 Chain Barding Armor
45:04 Heavy Plow
Devious Duck
4:00 Loom
10:47 Feudal Age
12:28 Wheelbarrow
19:03 Castle Age
20:37 Demolition Ship
22:30 Medium Warships
22:36 Medium Warships
23:00 Horse Collar
29:24 Hand Cart
35:57 Imperial Age
36:50 Heavy Scorpion
48:33 Ballistas
Connection lost

Rejoining the realm…

Still unreachable

The connection could not be restored.

Session expired

The server has moved on; the page needs a fresh start.